 Dungeon Crawl Stone Soup version 0.24.0-123-gd5b16e6ec5 (webtiles) character file.

Game seed: 2001992337238357237, levelgen mode: deterministic

162 Ygven the Skirmisher (level 5, 0/59 HPs)
             Began as an Ogre Berserker on Feb 8, 2020.
             Was a Believer of Trog.
             Slain by an iguana (10 damage)
             ... on level 4 of the Dungeon on Feb 9, 2020.
             The game lasted 01:00:17 (3512 turns).

Ygven the Skirmisher (Ogre Berserker)               Turns: 3512, Time: 01:00:17

Health: 0/59       AC:  3    Str: 22    XL:     5   Next: 43%
Magic:  5/5        EV: 10    Int:  8    God:    Trog [**....]
Gold:   96         SH:  0    Dex:  8    Spells: 4/4 levels left

rFire    . . .     SeeInvis .   a - +0 hand axe
rCold    . . .     Gourm    .   (no shield)
rNeg     . . .     Faith    .   b - +0 animal skin
rPois    .         Spirit   .   (helmet restricted)
rElec    .         Reflect  .   (no cloak)
rCorr    .         Harm     .   (gloves unavailable)
MR       ++...                  (boots unavailable)
Stlth    +.........             (no amulet)
HPRegen  1.19/turn              (no ring)
MPRegen  0.09/turn              (no ring)

@: regenerating
A: large, unfitting armour, tough skin 1
a: Berserk, Trog's Hand, Renounce Religion


You were on level 4 of the Dungeon.
You worshipped Trog.
Trog was pleased with you.
You were not hungry.

You visited 1 branch of the dungeon, and saw 4 of its levels.

You collected 96 gold pieces.

Inventory:

Hand Weapons
 a - a +0 hand axe (weapon)
 o - a +0 dagger of venom
 t - a +0 hand axe
 v - a +1 flail of holy wrath
 x - a +0 great sword
 y - a +0 hand axe
Missiles
 h - 194 stones (quivered)
Armour
 b - a +0 animal skin (worn)
 n - a +0 leather armour
 w - a +0 chain mail
Wands
 p - a wand of flame (13)
 r - a wand of random effects (24)
Scrolls
 f - a scroll of noise {unknown}
 g - a scroll of blinking {unknown}
 i - a scroll of enchant armour {unknown}
 j - a scroll of teleportation {unknown}
 k - 3 scrolls of identify {unknown}
 m - 2 scrolls of random uselessness {unknown}
 s - a scroll of magic mapping {unknown}
Potions
 d - a potion of might
 e - 2 potions of curing {unknown}
 l - a potion of haste {unknown}
 q - a potion of heal wounds {unknown}
Comestibles
 c - 5 rations


   Skills:
 + Level 6.3 Fighting
 + Level 4.4 Axes
 + Level 3.0 Dodging


You had 4 spell levels left.
You didn't know any spells.
Your spell library was empty.

Dungeon Overview and Level Annotations

Branches:
Dungeon (4/15)
 Temple: D:4-7

Altars:
Gozag
Okawaru
Ru
Trog

Shops:
D:2 *


Innate Abilities, Weirdness & Mutations

You are too large for most types of armour.
You have tough skin. (AC +1)


Message History

The iguana is lightly wounded.
The iguana bites you.
You hit the iguana.
The iguana is moderately wounded.
The iguana bites you.
You barely miss the iguana.
The iguana is moderately wounded.
The iguana bites you!
* * * LOW HITPOINT WARNING * * *
You hit the iguana.
The iguana is heavily wounded.
The iguana closely misses you.
You hit the iguana but do no damage.
The iguana is heavily wounded.
The iguana bites you!
* * * LOW HITPOINT WARNING * * *
Your skin crawls.
You feel resistant to hostile enchantments.
You feel somewhat more hungry. The iguana bites you!
You die...

....>.........#
..............#
..............#
######.##..##..## +
#.####.###'##..# ...
+..........#..>..
.....#..........#......
................#
......
...#.#.#@######## ....
#.#†l# ...[...
##.#.#.... ..#.#......
#.....##.... #.##..
.... . ... ...


You could see an iguana.

Vanquished Creatures
  Terence (D:3)
  A worker ant (D:4)
  A hound skeleton (D:4)
  4 adders
  3 dart slugs
  4 leopard geckos
  An orc (D:3)
  A ball python (D:3)
  8 bats
  A giant cockroach (D:1)
  6 hobgoblins
  2 jackals (D:1)
  5 kobolds
  2 quokkas
  7 frilled lizards
  5 goblins
  8 rats
60 creatures vanquished.

Notes
Turn   | Place    | Note
-------+----------+-------------------------------------------
     0 | D:1      | Ygven the Ogre Berserker began the quest for the Orb.
     0 | D:1      | Reached XP level 1. HP: 24/24 MP: 1/1
    58 | D:1      | Reached XP level 2. HP: 24/33 MP: 2/2
   243 | D:1      | Reached skill level 5 in Fighting
   713 | D:1      | Reached XP level 3. HP: 42/42 MP: 3/3
   885 | D:2      | Found an iron altar of Okawaru.
  1511 | D:2      | Reached XP level 4. HP: 42/52 MP: 4/4
  1565 | D:2      | Reached ** piety under Trog
  1866 | D:2      | Found Gozag's Platinum Reserve.
  1870 | D:2      | Found an opulent altar of Gozag.
  2080 | D:3      | Found a bloodstained altar of Trog.
  2146 | D:3      | Found a sacrificial altar of Ru.
  2172 | D:3      | Reached skill level 6 in Fighting
  2398 | D:3      | Found a bloodstained altar of Trog.
  2495 | D:3      | Noticed Terence
  2510 | D:3      | Killed Terence
  2510 | D:3      | Reached XP level 5. HP: 24/59 MP: 5/5
  3118 | D:3      | Found a faded altar of an unknown god.
  3512 | D:4      | Slain by an iguana

Levels and vault maps discovered:
D:1:      minmay_arrival_shoal_huts, layout_basic
D:2:      layout_rooms, kennysheep_okawaru_gauntlet,
          nicolae_gozag_zags_fifth_avenue
D:3:      layout_loops_ring, lemuel_doored_altar, nicolae_ru_awakened_eye,
          chequers_ecumenical_altar_simple, trog_butcher_becter, uniq_terence
D:4:      layout_gridville, lemuel_coloured_pillars_altar,
          minmay_temple_entry_ruins

Skill      XL: |  1  2  3  4  5 |
---------------+----------------+-----
Fighting       | 5 6 |  6.3
Axes           | 4 |  4.4
Dodging        | 3 |  3.0

Action                   |  1- 3 |  4- 6 || total
-------------------------+-------+-------++-------
Melee: Hand axe          |   100 |   103 ||   203
Invok: Berserk           |       |     1 ||     1
       Trog's Hand       |       |     1 ||     1
  Eat: Chunk             |     1 |     2 ||     3
       Ration            |     1 |     1 ||     2
Armor: Animal skin       |    53 |    38 ||    91
Dodge: Dodged            |    87 |    73 ||   160
